| TOP OF THE 1ST |
|
Vanderbilt University Commodores batting - Pitching for University of South Carolina Gamecocks : RHP Sammy Armstrong
|
|
Pitching: RHP Sammy Armstrong
|
|
|
Batting: SHB D.J. Davis
|
0-0: Ball 1-0: Swinging Strike 1-1: Ball 2-1: Ball 3-1: Swinging Strike 3-2: Strikes out looking
|
|
Batting: RHB Eric Hays
|
0-0: Ball 1-0: Ground out U3 (Groundball, 34, EV 97.5 MPH)
|
|
Batting: RHB Jose Ramos
|
0-0: Ball 1-0: Fly out, F8 (Flyball, 8RD, EV 85.6 MPH)
|
| Top of the 1st over - 0 runs, 0 hits, 0 errors, 0 left on base; Vanderbilt University 0 - University of South Carolina 0 |
| BOTTOM OF THE 1ST |
|
University of South Carolina Gamecocks batting - Pitching for Vanderbilt University Commodores : LHP Kevin Folse
|
|
Pitching: LHP Kevin Folse
|
|
|
Batting: LHB Chris McNay
|
0-0: Ball 1-0: Ball 2-0: Ball 3-0: Foul Ball, location: 2F 3-1: Called Strike 3-2: Base on Balls
|
|
Batting: RHB Brian Passalacqua
|
0-0: Swinging Strike 0-1: Swinging Strike 0-2: Strikes out swinging
|
|
Batting: SHB Keith Mihas
|
0-0: Ball Pickoff Throw to First - Out! 1-3 1-0: Ball 2-0: Ball 3-0: Swinging Strike 3-1: Ground out 5-3 (Groundball, 56S, EV 92.5 MPH)
|
| Bottom of the 1st over - 0 runs, 0 hits, 0 errors, 0 left on base; Vanderbilt University 0 - University of South Carolina 0 |
| TOP OF THE 2ND |
|
Vanderbilt University Commodores batting - Pitching for University of South Carolina Gamecocks : RHP Sammy Armstrong
|
|
Batting: LHB Josh Jett
|
0-0: Ball 1-0: Ball 2-0: Ball 3-0: Foul Ball, location: 2F 3-1: Called Strike 3-2: Foul Ball, location: 2F 3-2: Ground out 4-3 (Groundball, 4, EV 103.8 MPH)
|
|
Batting: SHB Paul Dupuis
|
0-0: Ball 1-0: Fly out, F9 (Flyball, 89M, EV 90.0 MPH)
|
|
Batting: RHB Paul Johnson
|
0-0: Ball 1-0: Ball 2-0: Called Strike 2-1: Called Strike 2-2: Fly out, F9 (Flyball, 9, EV 97.5 MPH)
|
| Top of the 2nd over - 0 runs, 0 hits, 0 errors, 0 left on base; Vanderbilt University 0 - University of South Carolina 0 |
| BOTTOM OF THE 2ND |
|
University of South Carolina Gamecocks batting - Pitching for Vanderbilt University Commodores : LHP Kevin Folse
|
|
Batting: RHB Lance Neldon
|
0-0: Foul Ball, location: 2F 0-1: Called Strike 0-2: Ball 1-2: Foul Ball, location: 2F 1-2: Fly out, F9 (Flyball, 89M, EV 91.9 MPH)
|
|
Batting: RHB Jeff Swanson
|
0-0: Swinging Strike 0-1: Ball 1-1: Ball 2-1: SINGLE (Groundball, 56D, EV 105.6 MPH) (infield hit)
|
|
Batting: LHB Bert Webster
|
0-0: Foul Ball, location: 2F 0-1: Called Strike 0-2: Ball 1-2: Ball 2-2: Ball 3-2: Fielders Choice at 2nd, 6-4 (Groundball, 6, EV 89.4 MPH)
|
|
Batting: LHB David Fowler
|
0-0: Called Strike 0-1: Foul Ball, location: 2F 0-2: Ball 1-2: Foul Ball, location: 2F 1-2: Ball 2-2: Foul Ball, location: 2F 2-2: Foul Ball, location: 2F 2-2: Strikes out swinging
|
| Bottom of the 2nd over - 0 runs, 1 hit, 0 errors, 1 left on base; Vanderbilt University 0 - University of South Carolina 0 |
| TOP OF THE 3RD |
|
Vanderbilt University Commodores batting - Pitching for University of South Carolina Gamecocks : RHP Sammy Armstrong
|
|
Batting: RHB Pakiana Kileona
|
0-0: Ball 1-0: Ball 2-0: Fly out, F7 (Line Drive, 7, EV 95.6 MPH)
|
|
Batting: RHB Mamadou Morand
|
0-0: Ball 1-0: Swinging Strike 1-1: Ball 2-1: Swinging Strike 2-2: Ball 3-2: DOUBLE (Line Drive, 8LD, EV 106.2 MPH)
|
|
Batting: SHB Adam Hoffman
|
0-0: Ball 1-0: Ball 2-0: Called Strike 2-1: Called Strike 2-2: Foul Ball, location: 2F 2-2: Fly out, F7 (Flyball, 7S, EV 86.2 MPH)
|
|
Batting: SHB D.J. Davis
|
0-0: Foul Ball, location: 2F 0-1: Ball 1-1: Ball 2-1: Ball 3-1: Called Strike 3-2: Base on Balls
|
|
Batting: RHB Eric Hays
|
0-0: Ball 1-0: Ball 2-0: Ball 3-0: Base on Balls Mamadou Morand to third D.J. Davis to second
|
|
Batting: RHB Jose Ramos
|
0-0: Ball 1-0: Ball 2-0: Ball 3-0: SINGLE (Line Drive, 89S, EV 109.4 MPH) Mamadou Morand scores D.J. Davis to third Eric Hays to second Runner from 3rd tries for Home, SAFE, throw by CF to home
|
|
Batting: LHB Josh Jett
|
0-0: Ball 1-0: Ball 2-0: Ball 3-0: 3-RUN HOME RUN (Flyball, 7LD, EV 98.1 MPH), Distance : 378 ft
|
|
Batting: SHB Paul Dupuis
|
0-0: Ball 1-0: Swinging Strike 1-1: Ball 2-1: Ball 3-1: Foul Ball, location: 2F 3-2: Base on Balls
|
|
Batting: RHB Paul Johnson
|
0-0: Ball 1-0: Foul Ball, location: 2F 1-1: Ball 2-1: Ground out 4-3 (Groundball, 4, EV 83.1 MPH)
|
| Top of the 3rd over - 5 runs, 3 hits, 0 errors, 1 left on base; Vanderbilt University 5 - University of South Carolina 0 |
| BOTTOM OF THE 3RD |
|
University of South Carolina Gamecocks batting - Pitching for Vanderbilt University Commodores : LHP Kevin Folse
|
|
Batting: RHB Ben Turner
|
0-0: Fly out, F3 (Popup, 3S, EV 80.0 MPH)
|
|
Batting: RHB Keith Lynch
|
0-0: Ball 1-0: Swinging Strike 1-1: Called Strike 1-2: Fly out, F7 (Flyball, 7D, EV 95.6 MPH)
|
|
Batting: LHB Chris McNay
|
0-0: Ball 1-0: Ball 2-0: SOLO HOME RUN (Flyball, 78XD, EV 103.1 MPH), Distance : 418 ft
|
|
Batting: RHB Brian Passalacqua
|
0-0: Ball 1-0: DOUBLE (Groundball, 5L, EV 108.8 MPH)
|
|
Batting: SHB Keith Mihas
|
0-0: Called Strike 0-1: SINGLE (Groundball, 56D, EV 97.5 MPH) Brian Passalacqua to third Runner from 3rd tries for Home, SAFE, throw by LF to home
|
|
Batting: RHB Lance Neldon
|
0-0: Foul Ball, location: 2F 0-1: Ball 1-1: SINGLE (Line Drive, 78S, EV 91.2 MPH) Keith Mihas to second
|
|
Batting: RHB Jeff Swanson
|
0-0: Called Strike 0-1: Ball 1-1: Ball 2-1: SINGLE (Groundball, 6S, EV 64.4 MPH) (infield hit) Keith Mihas to third Lance Neldon to second
|
|
Batting: LHB Bert Webster
|
0-0: Swinging Strike 0-1: Foul Ball, location: 2F 0-2: Foul Ball, location: 2F 0-2: Strikes out looking
|
| Bottom of the 3rd over - 2 runs, 5 hits, 0 errors, 3 left on base; Vanderbilt University 5 - University of South Carolina 2 |
| TOP OF THE 4TH |
|
Vanderbilt University Commodores batting - Pitching for University of South Carolina Gamecocks : RHP Sammy Armstrong
|
|
Batting: RHB Pakiana Kileona
|
0-0: Swinging Strike 0-1: Ball 1-1: Ball 2-1: Called Strike 2-2: Foul Ball, location: 2F 2-2: Foul Ball, location: 2F 2-2: Ball 3-2: Ground out 6-3 (Groundball, 6S, EV 86.2 MPH)
|
|
Batting: RHB Mamadou Morand
|
0-0: Foul Ball, location: 2F 0-1: Ball 1-1: Foul Ball, location: 2F 1-2: Ground out 6-3 (Groundball, 6, EV 99.4 MPH)
|
|
Batting: SHB Adam Hoffman
|
0-0: Ball 1-0: Ball 2-0: SINGLE (Groundball, 3D, EV 93.8 MPH)
|
|
Pitching: RHP Juan Lazo
|
|
|
Batting: SHB D.J. Davis
|
0-0: Called Strike 0-1: Fly out, F7 (Line Drive, 7S, EV 98.1 MPH)
|
| Top of the 4th over - 0 runs, 1 hit, 0 errors, 1 left on base; Vanderbilt University 5 - University of South Carolina 2 |
| BOTTOM OF THE 4TH |
|
University of South Carolina Gamecocks batting - Pitching for Vanderbilt University Commodores : LHP Kevin Folse
|
|
Batting: LHB David Fowler
|
0-0: Ball 1-0: Called Strike 1-1: Called Strike 1-2: Strikes out swinging
|
|
Batting: RHB Ben Turner
|
0-0: Fly out, F8 (Flyball, 8LM, EV 93.1 MPH)
|
|
Batting: RHB Keith Lynch
|
0-0: Ball 1-0: Swinging Strike 1-1: Ball 2-1: Swinging Strike 2-2: Ball 3-2: Ground out 4-3 (Groundball, 4, EV 93.8 MPH)
|
| Bottom of the 4th over - 0 runs, 0 hits, 0 errors, 0 left on base; Vanderbilt University 5 - University of South Carolina 2 |
| TOP OF THE 5TH |
|
Vanderbilt University Commodores batting - Pitching for University of South Carolina Gamecocks : RHP Juan Lazo
|
|
Batting: RHB Eric Hays
|
0-0: Fly out, F6 (Line Drive, 6, EV 70.0 MPH)
|
|
Batting: RHB Jose Ramos
|
0-0: Called Strike 0-1: Ball 1-1: Ball 2-1: Swinging Strike 2-2: Foul Ball, location: 2F 2-2: SOLO HOME RUN (Flyball, 7D, EV 100.0 MPH), Distance : 394 ft
|
|
Batting: LHB Josh Jett
|
0-0: Ground out 4-3 (Groundball, 4D, EV 110.6 MPH)
|
|
Batting: SHB Paul Dupuis
|
0-0: Foul Ball, location: 2F 0-1: SINGLE (Line Drive, 78S, EV 98.8 MPH)
|
|
Batting: RHB Paul Johnson
|
0-0: Foul Ball, location: 2F 0-1: Ball 1-1: 2-RUN HOME RUN (Flyball, 78XD, EV 111.2 MPH), Distance : 435 ft
|
|
Pitching: LHP Cris Duran
|
|
|
Batting: RHB Pakiana Kileona
|
0-0: Ball 1-0: Ball 2-0: Foul Ball, location: 2F 2-1: Called Strike 2-2: Strikes out swinging
|
| Top of the 5th over - 3 runs, 3 hits, 0 errors, 0 left on base; Vanderbilt University 8 - University of South Carolina 2 |
| BOTTOM OF THE 5TH |
|
University of South Carolina Gamecocks batting - Pitching for Vanderbilt University Commodores : LHP Kevin Folse
|
|
Batting: LHB Chris McNay
|
0-0: Called Strike 0-1: Swinging Strike 0-2: Ball 1-2: Ball 2-2: Ball 3-2: Foul Ball, location: 9LSF, Error on foul ball, E9 3-2: Foul Ball, location: 2F 3-2: Fly out, F7 (Flyball, 78M, EV 90.6 MPH)
|
|
Batting: RHB Brian Passalacqua
|
0-0: Called Strike 0-1: Swinging Strike 0-2: Ball 1-2: Ball 2-2: Fly out, F8 (Flyball, 8LD, EV 94.4 MPH)
|
|
Batting: SHB Keith Mihas
|
0-0: Ball 1-0: Ball 2-0: Foul Ball, location: 2F 2-1: Fly out, F4 (Flyball, 34D, EV 92.5 MPH)
|
| Bottom of the 5th over - 0 runs, 0 hits, 1 error, 0 left on base; Vanderbilt University 8 - University of South Carolina 2 |
| TOP OF THE 6TH |
|
Vanderbilt University Commodores batting - Pitching for University of South Carolina Gamecocks : LHP Cris Duran
|
|
Batting: RHB Mamadou Morand
|
0-0: Ball 1-0: Called Strike 1-1: Called Strike 1-2: Ball 2-2: Strikes out swinging
|
|
Batting: SHB Adam Hoffman
|
0-0: Called Strike 0-1: Foul Ball, location: 2F 0-2: Ball 1-2: Ball 2-2: Strikes out swinging
|
|
Batting: SHB D.J. Davis
|
0-0: Ground out 6-3 (Groundball, 6, EV 80.6 MPH)
|
| Top of the 6th over - 0 runs, 0 hits, 0 errors, 0 left on base; Vanderbilt University 8 - University of South Carolina 2 |
| BOTTOM OF THE 6TH |
|
University of South Carolina Gamecocks batting - Pitching for Vanderbilt University Commodores : LHP Kevin Folse
|
|
Pitching: RHP Matt Lane
|
|
|
Batting: RHB Lance Neldon
|
0-0: Ball 1-0: Called Strike 1-1: Swinging Strike 1-2: Ball 2-2: Fly out, F9 (Flyball, 9, EV 86.2 MPH)
|
|
Batting: RHB Jeff Swanson
|
0-0: Fly out, F9 (Line Drive, 9, EV 89.4 MPH)
|
|
Batting: LHB Bert Webster
|
0-0: Foul Ball, location: 2F 0-1: Swinging Strike 0-2: SOLO HOME RUN (Flyball, 9D, EV 95.0 MPH), Distance : 382 ft
|
|
Batting: LHB David Fowler
|
0-0: Called Strike 0-1: Foul Ball, location: 2F 0-2: Ball 1-2: Fly out, F7 (Flyball, 7, EV 83.1 MPH)
|
| Bottom of the 6th over - 1 run, 1 hit, 0 errors, 0 left on base; Vanderbilt University 8 - University of South Carolina 3 |
| TOP OF THE 7TH |
|
Vanderbilt University Commodores batting - Pitching for University of South Carolina Gamecocks : LHP Cris Duran
|
|
Pitching: RHP Trent Lipinski
|
|
|
Batting: RHB Eric Hays
|
0-0: SINGLE (Groundball, 4D, EV 98.8 MPH)
|
|
Batting: RHB Jose Ramos
|
0-0: Ball Eric Hays is caught stealing 2nd base 2-4 1-0: DOUBLE (Line Drive, 89XD, EV 97.5 MPH)
|
|
Batting: LHB Josh Jett
|
0-0: Called Strike 0-1: Called Strike Jose Ramos steals 3rd base 0-2: Foul Ball, location: 2F 0-2: Ball 1-2: Ball 2-2: Ball 3-2: Base on Balls
|
|
Batting: SHB Paul Dupuis
|
0-0: Called Strike Josh Jett steals 2nd base 0-1: Ball 1-1: Fly out, F5 (Popup, 5F, EV 80.0 MPH)
|
|
Batting: RHB Paul Johnson
|
0-0: Ball 1-0: Ball 2-0: Called Strike 2-1: Ground out 4-3 (Groundball, 4M, EV 88.8 MPH)
|
| Top of the 7th over - 0 runs, 2 hits, 0 errors, 2 left on base; Vanderbilt University 8 - University of South Carolina 3 |
| BOTTOM OF THE 7TH |
|
University of South Carolina Gamecocks batting - Pitching for Vanderbilt University Commodores : RHP Matt Lane
|
|
Batting: RHB Ben Turner
|
0-0: Ball 1-0: Ball 2-0: Foul Ball, location: 2F 2-1: Foul Ball, location: 2F 2-2: Strikes out swinging
|
|
Batting: RHB Keith Lynch
|
0-0: Foul Ball, location: 2F 0-1: Ball 1-1: Called Strike 1-2: Ball 2-2: Ball 3-2: Base on Balls
|
|
Pitching: RHP Tyler Patel
|
|
|
Batting: LHB Chris McNay
|
0-0: Ball 1-0: Ball 2-0: Foul Ball, location: 2F 2-1: Called Strike 2-2: Fielders Choice at 2nd, 3-6 (Groundball, 3, EV 83.1 MPH)
|
|
Batting: RHB Brian Passalacqua
|
0-0: Fly out, F9 (Line Drive, 9LS, EV 93.1 MPH)
|
| Bottom of the 7th over - 0 runs, 0 hits, 0 errors, 1 left on base; Vanderbilt University 8 - University of South Carolina 3 |
| TOP OF THE 8TH |
|
Vanderbilt University Commodores batting - Pitching for University of South Carolina Gamecocks : RHP Trent Lipinski
|
|
Batting: RHB Pakiana Kileona
|
0-0: Called Strike 0-1: Fly out, F3 (Popup, 3SF, EV 64.4 MPH)
|
|
Batting: RHB Mamadou Morand
|
0-0: Ground out 5-3 (Groundball, 5S, EV 71.9 MPH)
|
|
Batting: SHB Adam Hoffman
|
0-0: Foul Ball, location: 2F 0-1: Ball 1-1: Ground out 3-1 (Groundball, 34S, EV 86.2 MPH)
|
| Top of the 8th over - 0 runs, 0 hits, 0 errors, 0 left on base; Vanderbilt University 8 - University of South Carolina 3 |
| BOTTOM OF THE 8TH |
|
University of South Carolina Gamecocks batting - Pitching for Vanderbilt University Commodores : RHP Tyler Patel
|
|
Batting: SHB Keith Mihas
|
0-0: Ball 1-0: Foul Ball, location: 2F 1-1: Ball 2-1: Ball 3-1: Foul Ball, location: 2F 3-2: Foul Ball, location: 2F 3-2: Foul Ball, location: 2F 3-2: Fly out, F7 (Line Drive, 78M, EV 105.6 MPH)
|
|
Batting: RHB Lance Neldon
|
0-0: Called Strike 0-1: Ball 1-1: Swinging Strike 1-2: Fly out, F6 (Line Drive, 6, EV 70.0 MPH)
|
|
Batting: RHB Jeff Swanson
|
0-0: Foul Ball, location: 2F 0-1: Ball 1-1: Foul Ball, location: 2F 1-2: Foul Ball, location: 2F 1-2: Foul Ball, location: 2F 1-2: Fly out, F8 (Flyball, 8RD, EV 110.0 MPH)
|
| Bottom of the 8th over - 0 runs, 0 hits, 0 errors, 0 left on base; Vanderbilt University 8 - University of South Carolina 3 |
| TOP OF THE 9TH |
|
Vanderbilt University Commodores batting - Pitching for University of South Carolina Gamecocks : RHP Trent Lipinski
|
|
Pitching: RHP Jop van Grootveld
|
|
|
Batting: SHB D.J. Davis
|
0-0: Swinging Strike 0-1: Ball 1-1: Foul Ball, location: 2F 1-2: Ball 2-2: Strikes out swinging
|
|
Batting: RHB Eric Hays
|
0-0: Foul Ball, location: 2F 0-1: Ball 1-1: Fly out, F8 (Flyball, 8RD, EV 93.8 MPH)
|
|
Batting: RHB Jose Ramos
|
0-0: Called Strike 0-1: Ball 1-1: Called Strike 1-2: Ball 2-2: Fly out, F9 (Flyball, 9D, EV 98.8 MPH)
|
| Top of the 9th over - 0 runs, 0 hits, 0 errors, 0 left on base; Vanderbilt University 8 - University of South Carolina 3 |
| BOTTOM OF THE 9TH |
|
University of South Carolina Gamecocks batting - Pitching for Vanderbilt University Commodores : RHP Tyler Patel
|
|
Batting: LHB Bert Webster
|
0-0: Ball 1-0: Ball 2-0: Called Strike 2-1: Foul Ball, location: 2F 2-2: Strikes out swinging
|
|
Batting: LHB David Fowler
|
0-0: Foul Ball, location: 2F 0-1: Ground out U3 (Groundball, 3, EV 86.9 MPH)
|
|
Pitching: RHP Alex Guzman
|
|
|
Batting: RHB Ben Turner
|
0-0: Foul Ball, location: 2F 0-1: Called Strike 0-2: Ground out 6-3 (Groundball, 6, EV 110.0 MPH)
|
| Bottom of the 9th over - 0 runs, 0 hits, 0 errors, 0 left on base; Vanderbilt University 8 - University of South Carolina 3 |
|